 Dungeon Crawl Stone Soup version 0.28.0-45-g0d030f2227 (webtiles) character file.

Game seed: 1045476083793635327

1815 MisterFreud the Carver (level 8, -3/65 HPs)
             Began as a Palentonga Fighter on Apr 12, 2022.
             Was a Priest of Okawaru.
             Slain by an orc warrior
             ... wielding a +0 broad axe
              (8 damage)
             ... in a bailey.
             The game lasted 00:12:54 (6798 turns).

MisterFreud the Carver (Palentonga Fighter)         Turns: 6798, Time: 00:12:54

Health: -3/65      AC: 20    Str: 20      XL:     8   Next: 85%
Magic:  11/11      EV:  5    Int:  8      God:    Okawaru [***...]
Gold:   214        SH:  4    Dex: 11 (12) Spells: 7/7 levels left

rFire   . . .      SeeInvis +   a - +1 long sword
rCold   . . .      Faith    .   c - +0 buckler
rNeg    . . .      Spirit   .   o - +0 scale mail
rPois   .          Reflect  .   w - +0 helmet
rElec   .          Harm     .   s - +0 cloak
rCorr   .          Rampage  .   (no gloves)
Will    .....                   m - +0 barding
Stlth   ..........              v - amulet of the acrobat
HPRegen 0.20/turn               (no ring)
MPRegen 0.12/turn               (no ring)

@: curled up
A: large, rugged brown scales 3, see invisible, deformed body, roll 1, armoured
tail, reflexive curl
a: Rolling Charge, Renounce Religion, Heroism


You were in a bailey.
You worshipped Okawaru.
Okawaru was most pleased with you.
You visited 1 branch of the dungeon, and saw 7 of its levels.
You also visited: Bailey.

You collected 214 gold pieces.

Inventory:

Hand Weapons
 a - a +1 long sword (weapon)
 b - the +9 hunting sling of Inflation {speed, rElec rPois rCorr Str+4}
   (You found it on level 3 of the Dungeon)

   Attacks with this weapon are significantly faster.
   Str:       It affects your strength (+4).
   rElec:     It insulates you from electricity.
   rPois:     It protects you from poison.
   rCorr:     It protects you from acid and corrosion.
Missiles
 e - 7 javelins
 p - 19 poisoned darts
 q - 128 stones
 x - 16 sling bullets
Armour
 c - a +0 buckler (worn)
 m - a +0 barding (worn)
 o - a +0 scale mail (worn)
 s - a +0 cloak (worn)
 w - a +0 helmet (worn)
Jewellery
 v - an amulet of the acrobat (around neck)
Wands
 t - a wand of flame (56)
Scrolls
 h - a scroll of enchant weapon
 i - a scroll of amnesia
 k - a scroll of teleportation
 l - a scroll of fear {unknown}
 n - a scroll of fog
 r - a scroll of immolation {unknown}
 u - a scroll of torment {unknown}
Potions
 d - 3 potions of might
 f - 2 potions of resistance
 g - a potion of curing
 j - 2 potions of degeneration
 z - a potion of attraction


   Skills:
 + Level 4.4 Fighting
 - Level 8.0 Long Blades
 - Level 5.0 Slings
 - Level 2.4 Armour
 - Level 2.4 Shields
 - Level 4.0 Invocations


You had 7 spell levels left.
You didn't know any spells.
Your spell library contained the following spells:

 Spells                   Type           Power      Damage    Failure   Level
 Beastly Appendage        Tmut           0%         N/A       83%         1
 Magic Dart               Conj           0%         1d3       83%         1
 Sandblast                Erth           0%         2d4       83%         1
 Passwall                 Tmut/Erth      0%         N/A       93%         2
 Searing Ray              Conj           0%         2d4       93%         2
 Conjure Flame            Conj/Fire      0%         6-21      99%         3
 Gell's Gravitas          Tloc           0%         N/A       99%         3
 Ignite Poison            Fire/Tmut/Pois 0%         N/A       99%         3
 Inner Flame              Hex/Fire       0%         N/A       99%         3
 Lesser Beckoning         Tloc           0%         N/A       99%         3
 Stone Arrow              Conj/Erth      0%         3d7       99%         3
 Teleport Other           Tloc           0%         N/A       99%         3
 Fulminant Prism          Conj/Hex       0%         3d6       100%        4
 Sticky Flame             Conj/Fire      0%         2d3       100%        4
 Lehudib's Crystal Spear  Conj/Erth      0%         10d2      100%        8
 Animate Armour           Summ/Erth      Unusable   N/A       N/A         4

Dungeon Overview and Level Annotations

Branches:
Dungeon (7/15)             Temple (0/1) D:6          Bailey (1/1)

Altars:
Fedhas
Kikubaaqudgha
Okawaru
Qazlal
Vehumet

Shops:
D:1 *


Innate Abilities, Weirdness & Mutations

You are completely covered in rugged brown scales. (AC +3, +7% HP)
You have supernaturally acute eyesight. (SInv)
Armour fits poorly on your strangely shaped body.
You can roll at nearby foes to attack.
You have a long armoured tail.
You curl defensively after being hit. (AC +7*)


Message History

The orc warrior is lightly wounded.
The orc warrior hits you but does no damage.
You hit the orc warrior.
Your tail-slap misses the orc warrior.
The orc warrior is lightly wounded.
The orc warrior hits you with a +0 broad axe!!
You closely miss the orc warrior.
Your tail-slap misses the orc warrior.
The orc warrior is lightly wounded.
The orc warrior barely misses you.
You hit the orc warrior.
Your tail-slap misses the orc warrior.
The orc warrior is moderately wounded.
The orc warrior hits you with a +0 broad axe!
You hit the orc warrior. You tail-slap the orc warrior.
The orc warrior is severely wounded.
The orc warrior completely misses you.
You barely miss the orc warrior.
The orc warrior is severely wounded.
You block the orc warrior's attack.
You hit the orc warrior but do no damage.
The orc warrior is severely wounded.
The orc warrior hits you with a +0 broad axe!
* * * LOW HITPOINT WARNING * * *
You hit the orc warrior. You tail-slap the orc warrior.
The orc warrior is almost dead.
The orc warrior hits you but does no damage.
You hit the orc warrior. You tail-slap the orc warrior.
The orc warrior is almost dead.
The orc warrior hits you with a +0 broad axe.
* * * LOW HITPOINT WARNING * * *
You completely miss the orc warrior.
The orc warrior is almost dead.
The orc warrior hits you with a +0 broad axe.
* * * LOW HITPOINT WARNING * * *
Unknown command.
Unknown command.
Okay, then.
Unknown command.
You hit the orc warrior but do no damage.
The orc warrior is almost dead.
The orc warrior hits you with a +0 broad axe!
You die...

##........ #.........
#........g #.....⌠...
#......... #.........
♣♣♣♣♣♣ ###g.......
♣♣..♣.♣♣♣ ###.#o#.....#
♣.....♣.♣###....@###.###
♣.......##.........###
♣.......#.....).....#
........'...........#
♣..∩.∩..'.....⌠.....#
........'...........#
♣.......#....)......#
♣♣......##.........##
♣......♣###.....###


You could see an orc warrior and a gnoll.

Vanquished Creatures
  A meliai zombie (D:6)
  A wraith (D:5)
  2 water moccasins (D:5)
  A hornet zombie (D:5)
  A centaur (D:7)
  2 necrophages (D:4)
  A phantom (D:5)
  A kobold brigand (D:5)
  A bullfrog (D:4)
  2 wyvern skeletons (D:6)
  A howler monkey (D:6)
  4 orc priests (D:4)
  2 jellies (D:5)
  A bullfrog skeleton (D:5)
  A hound (D:4)
  3 centaur skeletons
  2 iguanas
  A killer bee zombie (D:4)
  A hound skeleton (D:4)
  2 gnolls
  A howler monkey skeleton (D:7)
  3 adders
  A shadow imp (D:5)
  An adder skeleton (D:4)
  A worm (D:2)
  2 dart slugs
  10 orcs
  5 bats
  10 endoplasms
  3 giant cockroaches
  13 goblins
  7 hobgoblins
  10 jackals
  4 quokkas
  6 ball pythons
  3 frilled lizards
  12 kobolds
  5 rats
128 creatures vanquished.

Notes
Turn   | Place    | Note
-------+----------+-------------------------------------------
     0 | D:1      | MisterFreud the Palentonga Fighter began the quest for the
                  | Orb.
     0 | D:1      | Reached XP level 1. HP: 19/19 MP: 1/1
   167 | D:1      | Got Sif Muna's Reference Book on Torrid Changing
   399 | D:1      | Reached XP level 2. HP: 25/25 MP: 2/2
   510 | D:1      | Reached skill level 3 in Long Blades
   658 | D:1      | Found Lonnauc's General Store.
   953 | D:2      | Reached XP level 3. HP: 22/31 MP: 3/3
  1250 | D:2      | Reached skill level 4 in Long Blades
  1293 | D:2      | Found a blossoming altar of Fedhas.
  1615 | D:2      | Reached XP level 4. HP: 19/37 MP: 4/4
  1907 | D:3      | Found an ancient bone altar of Kikubaaqudgha.
  1910 | D:3      | Identified the +9 hunting sling of Inflation {speed, rElec
                  | rPois rCorr Str+4}
  2316 | D:3      | Found a stormy altar of Qazlal.
  2515 | D:3      | Found an iron altar of Okawaru.
  2679 | D:3      | Became a worshipper of Warmaster Okawaru
  2717 | D:4      | Reached skill level 5 in Long Blades
  2722 | D:4      | Reached XP level 5. HP: 43/43 MP: 5/5
  2896 | D:4      | Noticed a necrophage
  2901 | D:4      | Killed a necrophage
  2902 | D:4      | Reached skill level 6 in Long Blades
  2961 | D:4      | Reached XP level 6. HP: 43/50 MP: 6/6
  2961 | D:4      | Noticed an orc warrior
  2966 | D:4      | Reached * piety under Okawaru
  3672 | D:4      | Reached skill level 7 in Long Blades
  3777 | D:4      | Gained mutation: You curl defensively after being hit. (AC
                  | +7*) [Palentonga growth]
  3777 | D:4      | Reached XP level 7. HP: 55/55 MP: 7/7
  3962 | D:4      | Reached ** piety under Okawaru
  3964 | D:4      | Reached skill level 8 in Long Blades
  4265 | D:5      | Entered Level 5 of the Dungeon
  4320 | D:5      | Reached skill level 1 in Slings
  5218 | D:5      | Reached XP level 8. HP: 49/62 MP: 8/8
  5479 | D:5      | Reached skill level 1 in Invocations
  5751 | D:6      | Reached *** piety under Okawaru
  5822 | D:6      | Found a staircase to the Ecumenical Temple.
  6087 | D:6      | Reached skill level 5 in Slings
  6231 | D:7      | Found a radiant altar of Vehumet.
  6299 | D:7      | HP: 2/64 [orc warrior/+0 dire flail (12)]
  6642 | D:7      | Found a flagged portal.
  6652 | Bailey   | Entered a bailey
  6798 | Bailey   | Slain by an orc warrior

Illustrated notes

Levels and vault maps discovered:
D:1:      shiori_arrival_oz, layout_loops_ring, serial_shops,
          nicolae_lakefront_shop
D:2:      layout_basic, basic_altar, kennysheep_generic_room_12
D:3:      layout_rooms, mainiacjoe_overflow_tiny_flanked,
          mainiacjoe_overflow_paths, kennysheep_okawaru_gauntlet
D:4:      layout_loops_corners
D:5:      layout_rooms, st_stairs_3
D:6:      layout_cave_pools, temple_green, hex_tiny
D:7:      layout_loops_ring, mainiacjoe_overflow_alcove_2, enter_bailey_3,
          minmay_fountain_box, minmay_tree_intersection
Bailey:   bailey_axe_minmay_hex_keep, bailey

Skill      XL: |  1  2  3  4  5  6  7  8 |
---------------+-------------------------+-----
Long Blades    | 3 4 5 6 7 8 |  8.0
Slings         | 3 5 |  5.0
Invocations    | 4 |  4.0
Fighting       | 4 |  4.4
Armour         | |  2.4
Shields        | |  2.4

Action                   |  1- 3 |  4- 6 |  7- 9 || total
-------------------------+-------+-------+-------++-------
Melee: Long sword        |   127 |    95 |   189 ||   411
       Tailslap          |    14 |    16 |    30 ||    60
 Fire: Hunting sling     |       |    46 |    30 ||    76
 Abil: Rolling Charge    |    22 |     9 |    18 ||    49
  Use: Scroll            |       |       |     6 ||     6
       Potion            |       |       |     5 ||     5
Armor: Scale mail        |    62 |    63 |   157 ||   282
Dodge: Dodged            |    39 |    25 |    71 ||   135
Block: Buckler           |    22 |    16 |    39 ||    77
